 Dungeon Crawl Stone Soup version 0.31.0-32-g396128a36d (webtiles) character file.

Game seed: 9684304016179498163

57 araganzar the Ruffian (level 3, -4/27 HPs)
             Began as a Demonspawn Reaver on Apr 19, 2024.
             Slain by Robin
             ... wielding a +0 short sword of electrocution
              (13 damage)
             ... on level 2 of the Dungeon.
             The game lasted 00:02:22 (1280 turns).

araganzar the Ruffian (Demonspawn Reaver)           Turns: 1280, Time: 00:02:23

Health: -4/27      AC: 10    Str: 14    XL:     3   Next: 73%
Magic:  6/6        EV:  4    Int: 13    God:
Gold:   112        SH:  0    Dex: 11    Spells: 5/6 levels left

rFire   . .          .
                       - Unarmed
rCold   . . .        (no shield)
rNeg    . . .        b - +0 plate armour
rPois   .            (no helmet)
rElec   .            (no cloak)
rCorr   .            (no gloves)
SInv    .            (no boots)
Will    .....        d - amulet of the acrobat Stlth
                     (no ring)
HPRegen 0.24/turn    (no ring)
MPRegen 0.10/turn

%: acrobat
@: no status effects
A: weakness stinger 1
a: no special abilities


You were on level 2 of the Dungeon.
You visited 1 branch of the dungeon, and saw 2 of its levels.

You collected 112 gold pieces.


Innate Abilities, Weirdness & Mutations

You have a small tail.


   Skills:
 - Level 2.1 Fighting
 + Level 1.5 Armour
 - Level 2.0 Dodging
 + Level 3.4 Unarmed Combat
 - Level 2.1 Spellcasting
 - Level 3.1 Conjurations


You had 5 spell levels left.
You knew the following spells:

 Your Spells              Type           Power      Damage    Failure   Level
a - Kiss of Death         Conj/Necr      20%        2d7       100%        1

Your spell library contained the following spells:

 Spells                   Type           Power      Damage    Failure   Level
 Momentum Strike          Conj/Tloc      10%        3d8       100%        2
 Hailstorm                Conj/Ice       5%         3d5       100%        3

Inventory:

Missiles
 e - 3 poisoned darts (quivered)
 h - 9 darts of dispersal {=f}
Armour
 a - a +0 leather armour
 b - a +0 plate armour (worn)
   (You found it on level 1 of the Dungeon)
Jewellery
 d - an amulet of the acrobat (around neck)
   (You found it on level 2 of the Dungeon)
Scrolls
 c - 3 scrolls of identify {unknown}
 f - a scroll of silence {unknown}
 g - a scroll of blinking {unknown}

#####...........
#.# #........###
#.# #.########
#.# #.# #.# #.#
#g# #.# #g# #.#
#g# #.# #@# #.#
#)# #.#
#)#####.#
#.......#
#.####### ###


You could see Robin and 2 goblins.


Message History

Robin hits you but does no damage.
You take 6 damage, and have 21/27 hp.
MASSIVE DAMAGE!!
You hit Robin.
Unknown command.
You hit Robin.
Your tail-slap misses Robin.
The goblin barely misses you.
Unknown command.
You barely miss Robin. Robin hits you but does no damage.
The goblin hits you with a +0 club.
You take 4 damage, and have 17/27 hp.
Unknown command.
You barely miss the goblin. The goblin hits you but does no damage.
Unknown command.
You barely miss the goblin.
Robin hits you with a +0 short sword of electrocution.
The goblin hits you with a +0 club.
You take 4 damage, and have 13/27 hp.
Unknown command.
You barely miss the goblin. The goblin hits you with a +0 club.
You take 3 damage, and have 10/27 hp.
Unknown command.
You closely miss the goblin. Robin hits you but does no damage.
The goblin hits you but does no damage.
Unknown command.
You hit the goblin.
You kill the goblin!
Robin hits you with a +0 short sword of electrocution.
You are electrocuted!
You die...
Robin lets out a smug laugh.

Action                     || total
---------------------------++-------
  Melee: Unarmed           ||   142
         Tailslap          ||    10
         Punch             ||     1
 Armour: Plate armour      ||   131
         Leather armour    ||     1
  Dodge: Dodged            ||    24

Levels and vault maps discovered:
D:1:      dpeg_arrival_rooms_a, layout_loops_ring, minivault_24,
          kennysheep_another_room
D:2:      layout_basic, serial_shops, shop, hex_medium, uniq_robin

Notes
Turn   | Place    | Note
-------+----------+-------------------------------------------
     0 | D:1      | araganzar the Demonspawn Reaver began the quest for the
                  | Orb.
     0 | D:1      | Reached XP level 1. HP: 16/16 MP: 3/3
     0 | D:1      | araganzar: !greatrace ds
    42 | D:1      | beem: Unwon demonspawns for araganzar: DsAl, DsCA, DsRe
   145 | D:1      | Gained mutation: You have a small tail. [demonic ancestry]
   145 | D:1      | Reached XP level 2. HP: 20/22 MP: 5/5
   146 | D:1      | Reached skill level 2 in Dodging
   235 | D:1      | Reached skill level 3 in Unarmed Combat
   401 | D:1      | Reached skill level 1 in Armour
   422 | D:1      | Reached XP level 3. HP: 27/27 MP: 6/6
   973 | D:2      | Found Folizxeng's Antique Armour Shoppe.
  1263 | D:2      | Noticed Robin
  1280 | D:2      | Slain by Robin

Vanquished Creatures
  An adder (D:2)
  6 ball pythons (D:1)
  3 endoplasms (D:1)
  A giant cockroach (D:1)
  9 goblins
  6 hobgoblins
  4 jackals (D:1)
  A quokka (D:2)
  5 bats
  2 frilled lizards
  2 kobolds (D:1)
40 creatures vanquished.
